 Dungeon Crawl Stone Soup version 0.20-a0-700-gbd4582c (webtiles) character file.

645 elfninja the Slasher (level 7, -1/81 HPs)
             Began as a Human Fighter on Feb 20, 2017.
             Was an Initiate of Qazlal.
             Succumbed to smajdalf's ghost's poison
             ... on level 4 of the Dungeon.
             The game lasted 00:48:16 (2952 turns).

elfninja the Slasher (Human Fighter)                Turns: 2952, Time: 00:48:17

Health: -1/81      AC: 23    Str: 18    XL:     7   Next: 82%
Magic:  7/7        EV:  2    Int: 11    God:    Qazlal [......]
Gold:   156        SH: 13    Dex: 12    Spells: 6/6 levels left

rFire    . . .     SeeInvis .   a - +1 long sword
rCold    . . .     Gourm    .   (armour currently unavailable)
rNeg     + + +     Faith    .   c - +0 shield
rPois    +         Spirit   .   (helmet currently unavailable)
rElec    .         Reflect  +   (cloak currently unavailable)
rCorr    .         Harm     .   (gloves currently unavailable)
MR       .....     NoTele   +   (boots currently unavailable)
Stlth    +.........             l - +4 amulet of reflection
Regen    0.3/turn               (no ring)
MPRegen  0.1/turn               x - +2 ring of intelligence

@: lethally poisoned (-1 -> -24), tree-form
A: no striking features
a: Renounce Religion


You were on level 4 of the Dungeon.
You worshipped Qazlal.
Qazlal was noncommittal.
You were not hungry.
You were a tree.
You visited 1 branch of the dungeon, and saw 4 of its levels.

You collected 156 gold pieces.

Inventory:

Hand Weapons
 a - a +1 long sword (weapon)
 o - a +0 hunting sling
 v - a +0 hand axe
Missiles
 e - 16 arrows
 j - 25 sling bullets
 B - 3 tomahawks (quivered)
Armour
 b - a +0 scale mail
 c - a +0 shield (worn)
 m - a +0 pair of gloves
 t - +0 fire dragon scales (melded)
Magical Staves
 g - an uncursed staff of energy {unknown}
Jewellery
 d - an uncursed amulet of regeneration {unknown}
 l - a +4 amulet of reflection (around neck)
 x - a +2 ring of intelligence (left branch)
Scrolls
 h - a scroll of enchant armour {unknown}
 i - 2 scrolls of enchant weapon
 k - a scroll of immolation {unknown}
 q - a scroll of teleportation {unknown}
 u - 2 scrolls of remove curse {unknown}
 y - a scroll of recharging {unknown}
Potions
 r - 2 potions of flight
 s - a potion of ambrosia {unknown}
 w - a potion of invisibility {unknown}
Comestibles
 f - 6 bread rations
 z - 2 royal jellies
 A - a meat ration
 C - 3 fruits


   Skills:
 + Level 4.2 Fighting
 + Level 5.5 Long Blades
 + Level 1.2 Slings
 + Level 4.1 Armour
 + Level 1.7 Dodging
 + Level 4.4 Shields


You had 6 spell levels left.
You didn't know any spells.

Dungeon Overview and Level Annotations

Branches:
Dungeon (4/15)
 Temple: D:4-7

Altars:
Dithmenos
Elyvilon
Kikubaaqudgha
Qazlal
Ru
Yredelemnul

Annotations:
D:4 smajdalf's ghost, amateur TeAE


Message History

You hit smajdalf's ghost but do no damage.
Smajdalf's ghost is heavily damaged.
* * * LOW HITPOINT WARNING * * *
You feel sick. You block smajdalf's ghost's attack.
Smajdalf's ghost hits you but does no damage.
You are more poisoned.
You closely miss smajdalf's ghost.
Smajdalf's ghost is heavily damaged.
* * * LOW HITPOINT WARNING * * *
You feel very sick.
Smajdalf's ghost points at you and mumbles some strange words.
The zap hits you!
You barely miss smajdalf's ghost.
Smajdalf's ghost is heavily damaged.
* * * LOW HITPOINT WARNING * * *
You feel very sick. You block smajdalf's ghost's attack.
You hit smajdalf's ghost.
Smajdalf's ghost is heavily damaged.
You die...

# #### .# # ..# .#
.####.#####.##.#
........♣W(....###..
.####.##..†........#
.!.....(..%..(##
###.##.##.##.#
#.......# #
#.#######.####
#.....<...#
###########


You could see smajdalf's ghost.

Vanquished Creatures
  Grinder (D:3)
  Menkaure (D:4)
  A big kobold (D:3)
  A scorpion (D:4)
  A howler monkey (D:4)
  An orc priest (D:3)
  4 adders
  3 worms
  A dart slug (D:2)
  2 leopard geckos
  6 orcs (D:3)
  4 giant cockroaches
  6 goblins
  10 hobgoblins
  13 jackals
  2 quokkas
  6 bats
  5 frilled lizards
  11 kobolds
  6 rats
85 creatures vanquished.

Notes
Turn   | Place    | Note
-------+----------+-------------------------------------------
     0 | D:1      | elfninja the Human Fighter began the quest for the Orb.
     0 | D:1      | Reached XP level 1. HP: 18/18 MP: 1/1
   100 | D:1      | Reached XP level 2. HP: 12/24 MP: 2/2
   527 | D:1      | Reached XP level 3. HP: 28/29 MP: 3/3
   999 | D:2      | Reached XP level 4. HP: 34/35 MP: 4/4
  1010 | D:2      | Found a basalt altar of Yredelemnul.
  1536 | D:3      | Noticed Grinder
  1555 | D:3      | Killed Grinder
  1555 | D:3      | Reached skill level 4 in Long Blades
  1555 | D:3      | Reached skill level 1 in Dodging
  1555 | D:3      | Reached XP level 5. HP: 11/42 MP: 5/5
  1555 | D:3      | Reached XP level 6. HP: 13/48 MP: 6/6
  2224 | D:3      | Reached skill level 1 in Slings
  2224 | D:3      | Reached XP level 7. HP: 43/54 MP: 7/7
  2445 | D:3      | Found a white marble altar of Elyvilon.
  2445 | D:3      | Found an ancient bone altar of Kikubaaqudgha.
  2452 | D:3      | Found a shadowy altar of Dithmenos.
  2458 | D:3      | Found a sacrificial altar of Ru.
  2460 | D:3      | Found a stormy altar of Qazlal.
  2488 | D:3      | Became a worshipper of Qazlal Stormbringer
  2856 | D:4      | Noticed Menkaure
  2872 | D:4      | Killed Menkaure
  2872 | D:4      | Reached skill level 5 in Long Blades
  2934 | D:4      | Noticed smajdalf's ghost (amateur TeAE)
  2950 | D:4      | HP: 4/81 [poisoned by smajdalf's ghost]
  2951 | D:4      | HP: 1/81 [poisoned by smajdalf's ghost]
  2952 | D:4      | Succumbed to smajdalf's ghost's poison

Vault maps used:
D:1:      sevenhm_arrival_forest_fort_small_5, minmay_surrounded
D:2:      yredelemnul_altar_generic
D:3:      cheibrodos_thug_alley, chequers_temple_overflow_minitemple,
          first_bread, grunt_ministairs_11, uniq_grinder
D:4:      uniq_blork_the_orc, uniq_menkaure

Skill      XL: |  1  2  3  4  5  6  7 |
---------------+----------------------+-----
Long Blades    | 4 5 |  5.5
Dodging        | 1 |  1.7
Shields        | 4 |  4.4
Fighting       | 4 |  4.2
Slings         | 1 |  1.2
Armour         | 4 |  4.1

Action                   |  1- 3 |  4- 6 |  7- 9 || total
-------------------------+-------+-------+-------++-------
Melee: Long sword        |   120 |   133 |    95 ||   348
 Fire: Hunting sling     |     2 |     9 |     1 ||    12
Throw: Tomahawk          |       |       |     8 ||     8
  Use: Potion            |     2 |     5 |     4 ||    11
       Scroll            |     2 |     1 |     1 ||     4
  Eat: Chunk             |       |     5 |     2 ||     7
Armor: Scale mail        |    36 |       |       ||    36
       Fire dragon scale |    28 |    44 |    22 ||    94
       Skin              |       |       |    11 ||    11
Dodge: Dodged            |    34 |    29 |    16 ||    79
Block: Shield            |    77 |    93 |    60 ||   230
       Reflection        |       |       |     2 ||     2
       Rpst.: Long sword |    10 |     8 |     8 ||    26
